 Dungeon Crawl Stone Soup version 0.28.0 (webtiles) character file.

Game seed: 12027614600155205326

1264 emikaela the Chiller (level 8, -1/36 HPs)
             Began as a Spriggan Ice Elementalist on Feb 10, 2022.
             Was an Initiate of Kikubaaqudgha.
             Killed from afar by a steam dragon (20 damage)
             ... with a ball of steam
             ... on level 7 of the Dungeon.
             The game lasted 00:25:51 (5843 turns).

emikaela the Chiller (Spriggan Ice Elementalist)    Turns: 5843, Time: 00:25:51

Health: -1/36      AC:  7    Str:  4    XL:     8   Next: 27%
Magic:  27/27      EV: 19    Int: 18    God:    Kikubaaqudgha [......]
Gold:   254        SH:  0    Dex: 16    Spells: 8/19 levels left

rFire   . . .      SeeInvis +   i - +2 whip (elec)
rCold   . . .      Faith    .   (no shield)
rNeg    . . .      Spirit   .   a - +0 robe
rPois   .          Reflect  .   (helmet restricted)
rElec   .          Harm     .   l - +0 cloak
rCorr   .          Rampage  .   (gloves unavailable)
Will    +....                   (boots unavailable)
Stlth   +++.......              d - amulet of regeneration
HPRegen 0.92/turn               A - +4 ring of protection
MPRegen 0.20/turn               u - ring of magical power

@: very quick
A: very small, no large weapons, unfitting armour, see invisible, speed 3
a: Renounce Religion


You were on level 7 of the Dungeon.
You worshipped Kikubaaqudgha.
Kikubaaqudgha was noncommittal.
You visited 1 branch of the dungeon, and saw 7 of its levels.

You collected 254 gold pieces.

Inventory:

Hand Weapons
 f - a +0 dagger
 h - a +0 falchion
 i - a +2 whip of electrocution (weapon)
Missiles
 b - 129 arrows
 c - 32 bolts
 n - 4 curare-tipped darts {!f}
 r - 8 poisoned darts (quivered)
 s - 146 stones
 S - 70 sling bullets
Armour
 a - a +0 robe (worn)
 l - a +0 cloak (worn)
 q - a +0 buckler
Jewellery
 d - an amulet of regeneration (around neck)
 g - a ring of protection from fire
 u - a ring of magical power (right hand)
 A - a +4 ring of protection (left hand)
Wands
 F - a wand of flame (24)
Scrolls
 j - a scroll of fear {unknown}
 k - a scroll of enchant armour {unknown}
 m - a scroll of magic mapping
 p - 2 scrolls of teleportation
Potions
 e - 2 potions of curing {unknown}
 o - a potion of resistance
 t - 2 potions of flight {unknown}
 v - a potion of heal wounds {unknown}
 x - 3 potions of ambrosia {unknown}
 y - a potion of cancellation {unknown}
 z - 2 potions of attraction {unknown}


   Skills:
 - Level 4.4 Dodging
 - Level 5.0 Stealth
 + Level 6.0 Spellcasting
 + Level 2.3 Conjurations
 * Level 6.3 Ice Magic
 + Level 4.3 Evocations


You had 8 spell levels left.
You knew the following spells:

 Your Spells              Type           Power      Damage    Failure   Level
a - Freeze                Ice            100%       1d11      1%          1
b - Frozen Ramparts       Ice            56%        1d7       2%          3
c - Hailstorm             Conj/Ice       21%        3d6       21%         4
z - Ozocubu's Armour      Ice            28%        N/A       2%          3

Your spell library contained the following spells:

 Spells                   Type           Power      Damage    Failure   Level


Dungeon Overview and Level Annotations

Branches:
Dungeon (7/15)             Temple (0/1) D:5

Altars:
Hepliaklqana
Kikubaaqudgha
Nemelex Xobeh

Annotations:
D:5 exclusions: steam dragon and water moccasin
D:6 3 runed translucent doors, exclusion: sky beast, MisterFreud's ghost, novice TrBe; earlgrey's ghost, novice HOMo; qborf's ghost, novice PaWz
D:7 exclusion: wight


Innate Abilities, Weirdness & Mutations

You are very small and have problems with some larger weapons.
You are too small for most types of armour.
You have supernaturally acute eyesight. (SInv)
You cover ground extremely quickly. (Speed+++)


Message History

The ufetubus resists.
The wall freezes the ufetubus.
The ufetubus barely misses you.
The ufetubus hits you but does no damage.
The ufetubus completely resists.
The wall freezes the ufetubus but does no damage.
The ufetubus closely misses you. The ufetubus barely misses you.
You barely miss the ufetubus.
The ufetubus is heavily wounded.
The ufetubus resists.
The wall freezes the ufetubus.
The ufetubus hits you but does no damage.
The ufetubus hits you.
You hit the ufetubus.
You kill the ufetubus!
Kikubaaqudgha accepts your kill.
Your Spellcasting skill increases to level 6!
The frozen ramparts melt away.
Your icy armour cracks and falls away as you move.
You now have 199 gold pieces (gained 10).
You now have 209 gold pieces (gained 10).
You now have 228 gold pieces (gained 19).
You now have 237 gold pieces (gained 9).
A steam dragon comes into view.
You see here 13 gold pieces.
You now have 240 gold pieces (gained 3).
You now have 254 gold pieces (gained 14).
Press: ? - help, v - describe, . - travel
Here: a steam dragon (wandering, hasn't noticed you)
The floor.
The steam dragon hisses angrily.
Found a stone staircase leading up.
The steam dragon breathes steam at you. The ball of steam hits you!!
Ouch! That really hurt!
You see here 19 stones.
There is a stone staircase leading up here.
The steam dragon breathes steam at you. The ball of steam hits you!!
Ouch! That really hurt!
You die...
Kikubaaqudgha rasps: "You have failed me!
Welcome... death!"

.# #...##(PP.P.# **** *,,*
.###### ###.###P..$.# *,**
#.....#####..##P..$P#### ****,**
#####..........P..$P...## *,,,,,*
########....PP.P....##*,,,,,* **
###..§#####.!..,,,,,,* ,*
##..§.#......,,,,,,* ,**
*#########§.......,,,,,,*
,,*******.......@§§§......,,,,,,*
*,,,,,,,,.#########D......,,,,,,*
****,,,,,,,,,,,,,,*.......,,,,,,*
,,,,,*********,,,,*.......,,,,,,*
******,,,,,,,,,,,,*.......,,,****
,,,,,,,*******,,,,*#......,,**
*****,** ***,***#.....,,,* ,* *,*
*,* *,,,,,,,,* ,* *,*
***,****,,,,,,,,*


There were no monsters in sight!

Vanquished Creatures
  Pikel (D:7)
  4 ogres
  A centaur (D:7)
  A bullfrog zombie (D:5)
  3 hounds
  A bullfrog skeleton (D:5)
  2 iguanas
  A howler monkey zombie (D:6)
  3 gnolls
  9 adders
  A howler monkey skeleton (D:7)
  A white imp (D:5)
  2 ufetubi
  2 adder skeletons (D:4)
  2 dart slugs
  An orc (D:3)
  6 endoplasms
  5 giant cockroaches
  4 goblins
  9 hobgoblins
  4 jackals (D:4)
  A quokka (D:1)
  5 ball pythons
  6 bats
  5 frilled lizards
  6 kobolds
  6 rats
92 creatures vanquished.

Vanquished Creatures (others)
  5 toadstools (D:7)
5 creatures vanquished.

Grand Total: 97 creatures vanquished

Notes
Turn   | Place    | Note
-------+----------+-------------------------------------------
     0 | D:1      | emikaela the Spriggan Ice Elementalist began the quest for
                  | the Orb.
     0 | D:1      | Reached XP level 1. HP: 9/9 MP: 5/5
   263 | D:1      | Reached XP level 2. HP: 13/13 MP: 3/6
   864 | D:2      | Reached XP level 3. HP: 16/16 MP: 8/8
   891 | D:2      | Learned a level 3 spell: Frozen Ramparts
   895 | D:2      | Learned a level 3 spell: Ozocubu's Armour
  1735 | D:3      | Reached XP level 4. HP: 21/21 MP: 7/10
  2729 | D:3      | Found a hazy altar of Hepliaklqana.
  3080 | D:4      | Found a sparkling altar of Nemelex Xobeh.
  3081 | D:4      | Found an ancient bone altar of Kikubaaqudgha.
  3088 | D:4      | Became a worshipper of Kikubaaqudgha
  3099 | D:4      | Noticed an ogre
  3109 | D:4      | Killed an ogre
  3110 | D:4      | Reached XP level 5. HP: 24/24 MP: 4/12
  3756 | D:5      | Entered Level 5 of the Dungeon
  3756 | D:5      | You fall into a shaft and drop 1 floor!
  3887 | D:6      | Found a runed translucent gate.
  3888 | D:6      | Found a runed translucent gate.
  3904 | D:6      | Reached skill level 5 in Stealth
  3956 | D:6      | Found a runed translucent gate.
  3956 | D:6      | Noticed qborf's ghost (novice PaWz)
  3957 | D:6      | Noticed MisterFreud's ghost (novice TrBe)
  3957 | D:6      | Noticed earlgrey's ghost (novice HOMo)
  3991 | D:6      | Noticed a sky beast
  4125 | D:6      | Learned a level 4 spell: Hailstorm
  4163 | D:6      | Noticed an ogre
  4233 | D:5      | Reached XP level 6. HP: 28/28 MP: 13/13
  4365 | D:5      | Found a staircase to the Ecumenical Temple.
  4365 | D:5      | Noticed a water moccasin
  4583 | D:5      | Reached skill level 1 in Evocations
  4839 | D:5      | Reached skill level 5 in Ice Magic
  4884 | D:5      | Noticed a steam dragon
  5014 | D:5      | Reached skill level 1 in Conjurations
  5168 | D:5      | Reached XP level 7. HP: 32/32 MP: 15/15
  5344 | D:6      | Reached skill level 5 in Spellcasting
  5599 | D:7      | Noticed Pikel
  5618 | D:7      | Killed Pikel
  5619 | D:7      | Reached XP level 8. HP: 20/36 MP: 11/17
  5843 | D:7      | Killed from afar by a steam dragon

Illustrated notes

Levels and vault maps discovered:
D:1:      dpeg_arrival_concentric_ovals, layout_loops_ring
D:2:      layout_loops_ring
D:3:      layout_basic, worldfamousw_hep_ancestral_shrine, minmay_misc_feat_five
D:4:      layout_rooms, nicolae_overflow_squiral
D:5:      kennysheep_steamy, layout_basic, temple_green, st_stairs_10,
          hangedman_decor_lopped, bh_walls_and_bars
D:6:      layout_rooms, gammafunk_ghost_cemetery, kennysheep_generic_room_11
D:7:      layout_rooms, nicolae_overflow_hidden_temple, serial_aquarium,
          aquarium_bridge_straight [aquarium_subvault_bridge,
          aquarium_subvault_balcony, aquarium_subvault_bridge,
          aquarium_subvault_wall], aquarium_window_corridor_3,
          aquarium_window_fake, aquarium_view_2c, aquarium_view_2b,
          aquarium_pool_five, minmay_gold_behind_fungi, uniq_pikel,
          uniq_menkaure

Skill      XL: |  1  2  3  4  5  6  7  8 |
---------------+-------------------------+-----
Dodging        | 3 4 |  4.4
Spellcasting   | 3 4 5 6 |  6.0
Stealth        | 4 5 |  5.0
Ice Magic      | 4 5 6 |  6.3
Evocations     | 2 4 |  4.3
Conjurations   | 1 2 |  2.3

Action                   |  1- 3 |  4- 6 |  7- 9 || total
-------------------------+-------+-------+-------++-------
Melee: Unarmed           |     6 |       |       ||     6
       Dagger            |    15 |    85 |     2 ||   102
       Punch             |       |     1 |       ||     1
       Whip              |       |       |     8 ||     8
Throw: Dart              |       |    10 |     4 ||    14
       Stone             |       |     5 |       ||     5
 Cast: Freeze            |    49 |    51 |    10 ||   110
       Ozocubu's Armour  |       |    17 |     5 ||    22
       Frozen Ramparts   |       |    16 |     6 ||    22
Evoke: Wand              |       |     3 |       ||     3
  Use: Scroll            |     1 |       |     3 ||     4
 Stab: Sleeping          |    12 |     9 |     2 ||    23
Armor: Robe              |     3 |    23 |     3 ||    29
Dodge: Dodged            |    25 |   102 |    20 ||   147
